 Dungeon Crawl Stone Soup version 0.29-a0-375-g5102b3be25 (webtiles) character file.

Game seed: 9701282146631275045

48041 ptdevnull the Covert (level 14, 0/74 HPs)
             Began as a Spriggan Enchanter on May 1, 2022.
             Was a High Priest of Ashenzari.
             Killed from afar by a hell hound (14 damage)
             ... with a blast of flame
             ... led by Azrael
             ... on level 2 of the Orcish Mines on May 4, 2022.
             The game lasted 01:15:04 (18158 turns).

ptdevnull the Covert (Spriggan Enchanter)          Turns: 18158, Time: 01:15:04

Health: 0/74       AC:  8    Str:  4    XL:     14   Next: 10%
Magic:  0/43       EV: 25    Int: 21    God:    Ashenzari [*****.]
Gold:   1509       SH:  0    Dex: 16    Spells: 6/43 levels left

rFire   . . .      SeeInvis +   b - +1 rapier "Enlightened Gnosis" {spect, Fort, Cun} (curse)
rCold   . . .      Faith    .   (no shield)
rNeg    . . .      Spirit   +   D - +1 robe "Unveiling Awkwardness" {Will+, Elem, Bglg} (curse)
rPois   .          Reflect  .   t - +1 hat of the Astral Orthodoxy {Fort, Elem} (curse)
rElec   +          Harm     .   (no cloak)
rCorr   .          Rampage  .   (gloves unavailable)
Will    +++..      Clarity  +   (boots unavailable)
Stlth   +++++++...              z - amulet "Tethered Together" {Spirit rElec Regen+, Self, Melee} (curse)
HPRegen 1.02/turn               l - ring "Idealism of Ashenzari" {MP+9, Melee, Range} (curse)
MPRegen 0.28/turn               s - ring "Chained Seeker" {AC+4, Cun, Elem} (curse)

@: death channelling, invisible, very quick
A: very small, no large weapons, unfitting armour, see invisible, speed 3
a: Renounce Religion, Curse Item, Shatter the Chains


You were on level 2 of the Orcish Mines.
You worshipped Ashenzari.
Ashenzari was extremely pleased with you.
You visited 3 branches of the dungeon, and saw 20 of its levels.

You collected 1869 gold pieces.
You spent 360 gold pieces at shops.

Inventory:

Hand Weapons
 b - the cursed +1 rapier "Enlightened Gnosis" (weapon) {spect, Fort, Cun}
   (You found it on level 2 of the Dungeon)

   When its wielder attacks, the weapon's spirit leaps out and strikes again.
   The spirit shares a part of any damage it takes with its wielder.
   It has a curse which improves the following skills: Fortitude: Armour and
   Shields.
   Cunning:   Dodging and Stealth.
 Q - a +1 rapier of venom
Missiles
 g - 427 stones (quivered)
 w - 2 throwing nets
Armour
 t - the cursed +1 hat of the Astral Orthodoxy (worn) {Fort, Elem}
   (You found it on level 3 of the Dungeon)

   It has a curse which improves the following skills: Fortitude: Armour and
   Shields.
   Elements:  Fire Magic, Ice Magic, Air Magic and Earth Magic.
 D - the cursed +1 robe "Unveiling Awkwardness" (worn) {Will+, Elem, Bglg}
   (You took it off an orc wizard on level 7 of the Dungeon)

   It has a curse which improves the following skills: Elements: Fire Magic, Ice
   Magic, Air Magic and Earth Magic.
   Beguiling: Conjurations, Hexes and Translocations.
 E - +0 acid dragon scales
Jewellery
 l - the cursed ring "Idealism of Ashenzari" (left hand) {MP+9, Melee, Range}
   (You found it on level 1 of the Dungeon)

   [ring of magical power]

   MP:        It affects your magic capacity (+9).
   It has a curse which improves the following skills: Melee Combat: Short
   Blades, Long Blades, Axes, Maces & Flails, Polearms, Staves and Unarmed
   Combat.
   Ranged Combat: Slings, Bows, Crossbows and Throwing.
 s - the cursed ring "Chained Seeker" (right hand) {AC+4, Cun, Elem}
   (You found it on level 2 of the Dungeon)

   [ring of protection]

   AC:        It affects your AC (+4).
   It has a curse which improves the following skills: Cunning: Dodging and
   Stealth.
   Elements:  Fire Magic, Ice Magic, Air Magic and Earth Magic.
 z - the cursed amulet "Tethered Together" (around neck) {Spirit rElec Regen+, Self, Melee}
   (You took it off a kobold on level 4 of the Dungeon)

   [amulet of guardian spirit]

   It causes incoming damage to be divided between your reserves of health and
   magic.
   rElec:     It insulates you from electricity.
   Regen:     It increases your rate of health regeneration.
   It has a curse which improves the following skills: Introspection: Fighting
   and Spellcasting.
   Melee Combat: Short Blades, Long Blades, Axes, Maces & Flails, Polearms,
   Staves and Unarmed Combat.
 I - an amulet of reflection
 J - the amulet "Japloe" {Spirit Slay+6}
   (You found it on level 3 of the Lair of Beasts)

   [amulet of guardian spirit]

   It causes incoming damage to be divided between your reserves of health and
   magic.
   Slay:      It affects your accuracy & damage with ranged weapons and melee
   (+6).
 L - an amulet of the acrobat
 M - a ring of positive energy
 N - a ring of ice
 P - an amulet of magic regeneration
Wands
 y - a wand of polymorph (12)
 B - a wand of flame (50)
 H - a wand of acid (2)
 O - a wand of iceblast (6)
Scrolls
 a - 2 scrolls of amnesia
 e - 12 scrolls of teleportation
 f - 4 scrolls of fog
 h - 2 scrolls of holy word
 i - 8 scrolls of fear
 j - 7 scrolls of vulnerability
 k - 3 scrolls of enchant armour
 r - 5 scrolls of blinking
 x - 2 scrolls of immolation
 A - a scroll of summoning
 F - a scroll of brand weapon
Potions
 c - 4 potions of invisibility
 d - 11 potions of curing
 n - 4 potions of mutation
 o - 2 potions of brilliance
 p - 5 potions of haste
 q - 3 potions of resistance
 u - 4 potions of heal wounds
 v - 5 potions of attraction
 C - 2 potions of flight
 G - a potion of might
 K - 2 potions of cancellation


   Skills:
 + Level 6.1(8.4) Fighting
 - Level 10.5(14.0) Short Blades
 + Level 9.2(12.7) Dodging
 - Level 13.6(17.0) Stealth
 + Level 12.9(15.2) Spellcasting
 - Level 12.8(15.0) Hexes
 - Level 10.0 Necromancy
 - Level 8.0 Evocations


You had 6 spell levels left.
You knew the following spells:

 Your Spells              Type           Power      Damage    Failure   Level
a - Ensorcelled Hibernat  Hex/Ice        96%        N/A       1%          2
b - Confusing Touch       Hex            68%        N/A       1%          3
c - Tukima's Dance        Hex            68%        N/A       1%          3
d - Passwall              Tmut/Erth      14%        N/A       4%          2
e - Swiftness             Air            18%        N/A       9%          3
f - Dazzling Flash        Conj/Hex       96%        N/A       1%          3
g - Death Channel         Necr           27%        N/A       10%         6
h - Anguish               Hex/Necr       31%        N/A       1%          4
i - Blink                 Tloc           34%        N/A       5%          2
j - Agony                 Necr           55%        N/A       1%          5
k - Dispel Undead         Necr           55%        3d20      1%          4

Your spell library contained the following spells:

 Spells                   Type           Power      Damage    Failure   Level
 Animate Skeleton         Necr           100%       N/A       1%          1
 Pain                     Necr           100%       1d9       1%          1
 Corpse Rot               Necr/Air       76%        N/A       1%          2
 Excruciating Wounds      Necr           27%        N/A       1%          5
 Apportation              Tloc           34%        N/A       3%          1
 Summon Small Mammal      Summ           60%        N/A       3%          1
 Gell's Gravitas          Tloc           17%        N/A       11%         3
 Lesser Beckoning         Tloc           17%        N/A       11%         3
 Teleport Other           Tloc           17%        N/A       11%         3
 Spider Form              Tmut/Pois      15%        N/A       12%         3
 Airstrike                Air            9%         N/A       28%         4
 Summon Lightning Spire   Summ/Air       17%        N/A       32%         4
 Lightning Bolt           Conj/Air       8%         1d21      65%         5
 Manifold Assault         Tloc           17%        N/A       67%         5


Dungeon Overview and Level Annotations

Branches:
Dungeon (12/15)            Temple (0/1) D:7            Lair (6/6) D:10
  Swamp (0/4) Lair:3        Snake (0/4) Lair:4        Slime (0/5) Lair:6
    Orc (2/2) D:11            Elf (0/3) Orc:2

Altars:
Ashenzari
Cheibriados
Fedhas
Hepliaklqana
Makhleb
Qazlal
Ru
Trog
Uskayaw
Vehumet
Wu Jian
Xom
Zin
The Shining One
Beogh

Shops:
D:5 (?*   D:10 [   D:12 *

Portals:
Abyss: Lair:3

Annotations:
Lair:1 1 runed translucent door
Lair:2 3 runed translucent doors, Pooter's ghost, journeyman MiBe
Lair:3 2 transporters, Zoerut Uceps's ghost, journeyman MfGl
Orc:2 Azrael


Innate Abilities, Weirdness & Mutations

You are very small and have problems with some larger weapons.
You are too small for most types of armour.
You have supernaturally acute eyesight. (SInv)
You cover ground extremely quickly. (Speed+++)


Message History

An orc wizard comes into view. It is wielding a +2 dagger of venom.
The hell hound breathes flames at you. The blast of flame hits you!!
* * * LOW HITPOINT WARNING * * *
Your spectral orc closely misses the orc warrior.
Your spectral orc priest completely misses the orc warrior.
Your spectral orc priest hits the hell hound but does no damage.
Your spectral orc closely misses the orc warrior.
Your spectral orc warrior closely misses the hell hound.
The orc wizard moves out of view.
You hit Azrael but do no damage.
Your +1 rapier "Enlightened Gnosis" {spect, Fort, Cun} barely misses Azrael.
The hell hound closely misses you.
Azrael hits your +1 rapier "Enlightened Gnosis" {spect, Fort, Cun} with a +1 scimitar of flaming!
Your spectral weapon shares its damage with you!
Azrael burns your +1 rapier "Enlightened Gnosis" {spect, Fort, Cun}.
Your spectral weapon shares its damage with you!
* * * LOW HITPOINT WARNING * * *
You catch the helpless Azrael completely off-guard!
You spit Azrael like a pig!!!
Azrael is heavily wounded.
Your +1 rapier "Enlightened Gnosis" {spect, Fort, Cun} hits Azrael!
Your spectral orc barely misses the orc warrior.
The hell hound barely misses your spectral orc priest.
A fire elemental comes into view.
The hell hound completely misses you. The hell hound breathes flames at you.
The blast of flame misses you.
The blast of flame hits Azrael.
Azrael completely resists.
The blast of flame hits the hell hound.
The hell hound completely resists.
You hit Azrael.
Azrael is heavily wounded.
Your +1 rapier "Enlightened Gnosis" {spect, Fort, Cun} hits Azrael!
The hell hound barely misses your spectral orc priest.
The orc warrior hits your spectral orc priest with a +0 scimitar!
The hell hound bites you!
* * * LOW HITPOINT WARNING * * *
The hell hound breathes flames at you. The blast of flame hits you!!
You die...

*,...................## ***
**..............###.### **,**
**#..........#.####### *,,,**
*#.........######## **,*,**
###......#.)#### ,,,,,,*
#.....ZZoZZ).# ,,,*,**
*##.....hhhZZ.##* ,*****
**......§.#EZ....# *** ,,**
**,......○@##.....#**,** ,,,*
**,,......hR.#.......,,,*
,,>*
*,*,.....#°.##.....#.#,**
*,,***,**......##E#.....###**
,,,,,,,,*##..°o,○○.....#.#
,,,,,,,**#..☼..,,......###
,,,,,,,,*##.E..,,..,,,,*
,*,,,,,***#...,,,..#*,**
,*,,,,,* *,,,,,,,,,,***


You could see Azrael (wandering, can't see you), 3 fire elementals, an orc
warrior (can't see you), 4 hell hounds, an orc (can't see you), 2 friendly
spectral orcs, a friendly spectral orc warrior and 2 friendly spectral orc
priests.

Vanquished Creatures
  A boulder beetle (Lair:2)
  5 hydras
  An ogre mage (D:12)
  9 two-headed ogres
  2 catoblepae
  A centaur warrior (D:11)
  A fire crab (shapeshifter) (D:11)
  A necromancer (Lair:4)
  2 cyclopes (D:12)
  An ugly thing (D:10)
  A manticore (D:11)
  Joseph (D:9)
  15 elephants
  A torpor snail (Lair:5)
  7 cane toads
  5 black mambas
  A gargoyle (D:12)
  2 unseen horrors
  4 rime drakes
  11 komodo dragons
  A polar bear (Lair:3)
  A troll (Orc:1)
  2 hornets
  3 tyrant leeches (Lair:3)
  Prince Ribbit (D:5)
  16 dream sheep
  8 blink frogs
  A shadow (D:10)
  2 wyverns
  A wraith (D:10)
  A basilisk (D:10)
  27 yaks
  3 steam dragons
  A swamp worm (Lair:3)
  An acid dragon (D:10)
  16 water moccasins
  5 black bears
  3 sky beasts
  9 orc warriors
  3 ice beasts (D:7)
  2 elephant zombies (Lair:4)
  4 wolves
  4 ogres
  2 centaurs
  A phantom (D:5)
  A kobold brigand (D:9)
  2 komodo dragon zombies (Lair:4)
  16 bullfrogs
  3 necrophages
  2 gnoll sergeants
  4 wights (D:9)
  16 killer bees
  14 howler monkeys
  5 electric eels
  A vampire bat (D:8)
  A jelly (D:5)
  3 hounds
  9 orc priests
  2 gnoll shamans
  2 iguanas
  Ijyb (D:4)
  25 orc wizards
  9 adders
  14 gnolls
  3 shadow imps
  5 white imps
  4 ufetubi
  2 worms
  4 dart slugs
  50 orcs
  5 ball pythons
  15 bats
  8 endoplasms
  A giant cockroach (D:1)
  8 goblins
  6 hobgoblins
  4 jackals (D:4)
  6 frilled lizards
  11 kobolds
  5 rats
457 creatures vanquished.

Vanquished Creatures (collateral kills)
  An orc (Orc:2)
1 creature vanquished.

Vanquished Creatures (others)
  An orc priest (Orc:2)
  An orc (Orc:2)
  14 fungi
  25 plants
  6 toadstools (Lair:1)
47 creatures vanquished.

Grand Total: 505 creatures vanquished

Notes
Turn   | Place    | Note
-------+----------+-------------------------------------------
     0 | D:1      | ptdevnull the Spriggan Enchanter began the quest for the
                  | Orb.
     0 | D:1      | Reached XP level 1. HP: 9/9 MP: 5/5
   230 | D:1      | Found a faded altar of an unknown god.
   404 | D:1      | Reached XP level 2. HP: 13/13 MP: 6/6
   850 | D:1      | Reached skill level 5 in Stealth
  1177 | D:1      | Learned a level 2 spell: Ensorcelled Hibernation
  1408 | D:2      | Reached XP level 3. HP: 16/16 MP: 8/8
  1571 | D:2      | Found a shimmering altar of Xom.
  2064 | D:2      | Reached XP level 4. HP: 21/21 MP: 9/9
  2205 | D:2      | Learned a level 3 spell: Confusing Touch
  2209 | D:2      | Learned a level 3 spell: Tukima's Dance
  2368 | D:3      | Found a glowing silver altar of Zin.
  2868 | D:4      | Noticed a black bear
  2872 | D:4      | Killed a black bear
  2873 | D:4      | Reached skill level 6 in Stealth
  2873 | D:4      | Reached XP level 5. HP: 21/24 MP: 11/11
  3025 | D:4      | Reached XP level 6. HP: 28/28 MP: 11/12
  3130 | D:4      | Found a bloodstained altar of Trog.
  3428 | D:4      | Noticed Ijyb
  3435 | D:4      | Killed Ijyb
  3616 | D:4      | Identified the amulet "Daraolio" {Spirit rElec Regen+}
  3871 | D:4      | Reached skill level 7 in Stealth
  3952 | D:5      | Entered Level 5 of the Dungeon
  4030 | D:5      | Noticed a steam dragon
  4052 | D:5      | Killed a steam dragon
  4053 | D:5      | Reached skill level 5 in Hexes
  4053 | D:5      | Reached XP level 7. HP: 20/32 MP: 15/15
  4056 | D:5      | Reached skill level 5 in Short Blades
  4199 | D:5      | Found Fabetago's Magic Scroll Emporium.
  4208 | D:5      | Bought a scroll of enchant weapon for 82 gold pieces
  4208 | D:5      | Bought a scroll of fear for 38 gold pieces
  4208 | D:5      | Bought a scroll of identify for 22 gold pieces
  4208 | D:5      | Bought a scroll of identify for 22 gold pieces
  4208 | D:5      | Bought a scroll of identify for 22 gold pieces
  4208 | D:5      | Bought a scroll of identify for 22 gold pieces
  4208 | D:5      | Bought a scroll of identify for 22 gold pieces
  4216 | D:5      | Found a broken altar of Ashenzari.
  4221 | D:5      | Saw a vision of the Swamp and the Snake Pit.
  4221 | D:5      | Noticed a mana viper
  4221 | D:5      | Noticed a black mamba
  4221 | D:5      | Noticed a will-o-the-wisp
  4221 | D:5      | Noticed a mana viper
  4221 | D:5      | Noticed a goliath frog
  4223 | D:5      | Noticed a salamander
  4225 | D:5      | Became a worshipper of Ashenzari the Shackled
  4226 | D:5      | Noticed a mana viper
  4267 | D:5      | Found a glowing golden altar of the Shining One.
  4360 | D:5      | Reached skill level 8 in Stealth
  4365 | D:5      | Reached skill level 5 in Spellcasting
  4847 | D:5      | Noticed Prince Ribbit
  4934 | D:5      | Killed Prince Ribbit
  5042 | D:5      | Reached XP level 8. HP: 36/36 MP: 16/16
  5171 | D:5      | Found Lisewen's Weapon Boutique.
  5225 | D:5      | Found Sapsuteam's Assorted Antiques.
  5338 | D:5      | Found a shimmering altar of Xom.
  5339 | D:5      | Found a hazy altar of Hepliaklqana.
  5340 | D:5      | Noticed a spectral ugly thing
  5639 | D:6      | Learned a level 2 spell: Passwall
  5643 | D:6      | Learned a level 3 spell: Swiftness
  6029 | D:6      | Reached skill level 5 in Dodging
  6181 | D:6      | Found a burning altar of Makhleb.
  6337 | D:6      | Identified the +12 hand axe "Geopn" {vorpal, Drain Str+6
                  | SInv}
  6357 | D:6      | Reached XP level 9. HP: 17/39 MP: 7/20
  6726 | D:6      | Reached * piety under Ashenzari
  7067 | D:7      | Reached skill level 1 in Fighting
  7283 | D:7      | Found a staircase to the Ecumenical Temple.
  7321 | D:7      | Found a sacrificial altar of Ru.
  7428 | D:7      | Reached skill level 9 in Stealth
  7798 | D:7      | Reached XP level 10. HP: 48/49 MP: 23/23
  7965 | D:8      | Reached skill level 10 in Hexes
  8017 | D:8      | Reached ** piety under Ashenzari
  8345 | D:8      | Noticed a two-headed ogre
  8355 | D:8      | Killed a two-headed ogre
  8356 | D:8      | Reached skill level 10 in Stealth
  8579 | D:8      | Found a radiant altar of Vehumet.
  8587 | D:8      | Reached *** piety under Ashenzari
  9096 | D:9      | Reached **** piety under Ashenzari
  9106 | D:9      | Found a hide-covered altar of Uskayaw.
  9126 | D:9      | Identified the +0 robe "Yqay" {Str+4 Dex+3 Slay-3}
  9353 | D:9      | Found an ornate altar of the Wu Jian Council.
  9355 | D:9      | Found a snail-covered altar of Cheibriados.
  9560 | D:9      | Noticed Joseph
  9567 | D:9      | Killed Joseph
  9603 | D:9      | Reached ***** piety under Ashenzari
  9810 | D:10     | Entered Level 10 of the Dungeon
  9810 | D:10     | Found Xoyt's Armour Shoppe.
  9814 | D:10     | Identified the cursed +1 rapier "Enlightened Gnosis"
                  | {spect, Fort, Cun} (You found it on level 2 of the Dungeon)
  9823 | D:10     | Identified the cursed +1 rapier "Enlightened Gnosis"
                  | {spect, Fort, Cun} (You found it on level 2 of the Dungeon)
  9847 | D:10     | Noticed a two-headed ogre
  9856 | D:10     | Killed a two-headed ogre
  9857 | D:10     | Reached XP level 11. HP: 56/56 MP: 27/27
  9900 | D:10     | Identified the cursed +1 rapier "Enlightened Gnosis"
                  | {spect, Fort, Cun} (You found it on level 2 of the Dungeon)
  9906 | D:10     | Identified the cursed +1 rapier "Enlightened Gnosis"
                  | {spect, Fort, Cun} (You found it on level 2 of the Dungeon)
  9908 | D:10     | Identified the cursed +1 rapier "Enlightened Gnosis"
                  | {spect, Fort, Cun} (You found it on level 2 of the Dungeon)
 10082 | D:10     | Found a stormy altar of Qazlal.
 10083 | D:10     | Identified the cursed +1 rapier "Enlightened Gnosis"
                  | {spect, Fort, Cun} (You found it on level 2 of the Dungeon)
 10091 | D:10     | Identified the cursed +1 rapier "Enlightened Gnosis"
                  | {spect, Fort, Cun} (You found it on level 2 of the Dungeon)
 10094 | D:10     | Identified the cursed +1 rapier "Enlightened Gnosis"
                  | {spect, Fort, Cun} (You found it on level 2 of the Dungeon)
 10098 | D:10     | Identified the cursed +1 rapier "Enlightened Gnosis"
                  | {spect, Fort, Cun} (You found it on level 2 of the Dungeon)
 10162 | D:10     | Noticed a red ugly thing
 10167 | D:10     | Killed a red ugly thing
 10306 | D:10     | Found a staircase to the Lair.
 10323 | D:10     | Reached skill level 10 in Short Blades
 10350 | D:10     | Identified the cursed +1 rapier "Enlightened Gnosis"
                  | {spect, Fort, Cun} (You found it on level 2 of the Dungeon)
 10563 | Lair:1   | Entered Level 1 of the Lair of Beasts
 10566 | Lair:1   | Identified the cursed +1 rapier "Enlightened Gnosis"
                  | {spect, Fort, Cun} (You found it on level 2 of the Dungeon)
 10611 | Lair:1   | Identified the cursed +1 rapier "Enlightened Gnosis"
                  | {spect, Fort, Cun} (You found it on level 2 of the Dungeon)
 10784 | Lair:1   | Identified the cursed +1 rapier "Enlightened Gnosis"
                  | {spect, Fort, Cun} (You found it on level 2 of the Dungeon)
 10789 | Lair:1   | Identified the cursed +1 rapier "Enlightened Gnosis"
                  | {spect, Fort, Cun} (You found it on level 2 of the Dungeon)
 10825 | Lair:1   | Reached skill level 5 in Fighting
 10881 | Lair:1   | Noticed a six-headed hydra
 10888 | Lair:1   | Killed a six-headed hydra
 11121 | Lair:1   | Noticed a seven-headed hydra
 11121 | Lair:1   | Noticed a seven-headed hydra
 11357 | Lair:1   | Identified the cursed +1 rapier "Enlightened Gnosis"
                  | {spect, Fort, Cun} (You found it on level 2 of the Dungeon)
 11370 | Lair:1   | Identified the cursed +1 rapier "Enlightened Gnosis"
                  | {spect, Fort, Cun} (You found it on level 2 of the Dungeon)
 11481 | Lair:1   | Killed a seven-headed hydra
 11482 | Lair:1   | Reached XP level 12. HP: 64/64 MP: 29/29
 11503 | Lair:1   | Identified the cursed +1 rapier "Enlightened Gnosis"
                  | {spect, Fort, Cun} (You found it on level 2 of the Dungeon)
 11506 | Lair:1   | Identified the cursed +1 rapier "Enlightened Gnosis"
                  | {spect, Fort, Cun} (You found it on level 2 of the Dungeon)
 11634 | Lair:1   | Learned a level 3 spell: Dazzling Flash
 11644 | Lair:1   | Learned a level 6 spell: Death Channel
 11649 | Lair:1   | Learned a level 4 spell: Anguish
 11693 | Lair:1   | Killed a seven-headed hydra
 11694 | Lair:1   | Reached skill level 1 in Necromancy
 11756 | Lair:1   | Reached skill level 5 in Evocations
 11872 | Lair:1   | Found a runed translucent door.
 12105 | Lair:2   | Identified the cursed +1 rapier "Enlightened Gnosis"
                  | {spect, Fort, Cun} (You found it on level 2 of the Dungeon)
 12191 | Lair:2   | Identified the cursed +1 rapier "Enlightened Gnosis"
                  | {spect, Fort, Cun} (You found it on level 2 of the Dungeon)
 12196 | Lair:2   | Identified the cursed +1 rapier "Enlightened Gnosis"
                  | {spect, Fort, Cun} (You found it on level 2 of the Dungeon)
 12242 | Lair:2   | Noticed Pooter's ghost (journeyman MiBe)
 12247 | Lair:2   | Noticed a minotaur
 12259 | Lair:2   | Found a runed translucent gate.
 12259 | Lair:2   | Found a runed translucent gate.
 12259 | Lair:2   | Found a runed translucent gate.
 12282 | Lair:2   | Identified the cursed +1 rapier "Enlightened Gnosis"
                  | {spect, Fort, Cun} (You found it on level 2 of the Dungeon)
 12313 | Lair:2   | Identified the cursed +1 rapier "Enlightened Gnosis"
                  | {spect, Fort, Cun} (You found it on level 2 of the Dungeon)
 12317 | Lair:2   | Identified the cursed +1 rapier "Enlightened Gnosis"
                  | {spect, Fort, Cun} (You found it on level 2 of the Dungeon)
 12370 | Lair:2   | Identified the cursed +1 rapier "Enlightened Gnosis"
                  | {spect, Fort, Cun} (You found it on level 2 of the Dungeon)
 12374 | Lair:2   | Identified the cursed +1 rapier "Enlightened Gnosis"
                  | {spect, Fort, Cun} (You found it on level 2 of the Dungeon)
 12405 | Lair:2   | Identified the cursed +1 rapier "Enlightened Gnosis"
                  | {spect, Fort, Cun} (You found it on level 2 of the Dungeon)
 12498 | Lair:2   | Noticed a catoblepas
 12503 | Lair:2   | Identified the cursed +1 rapier "Enlightened Gnosis"
                  | {spect, Fort, Cun} (You found it on level 2 of the Dungeon)
 12510 | Lair:2   | Identified the cursed +1 rapier "Enlightened Gnosis"
                  | {spect, Fort, Cun} (You found it on level 2 of the Dungeon)
 12514 | Lair:2   | Identified the cursed +1 rapier "Enlightened Gnosis"
                  | {spect, Fort, Cun} (You found it on level 2 of the Dungeon)
 12515 | Lair:2   | Killed a catoblepas
 12604 | Lair:2   | Noticed a boulder beetle
 12611 | Lair:2   | Killed a boulder beetle
 12612 | Lair:2   | Reached skill level 5 in Necromancy
 12796 | Lair:2   | Identified the cursed +1 rapier "Enlightened Gnosis"
                  | {spect, Fort, Cun} (You found it on level 2 of the Dungeon)
 12924 | Lair:2   | Identified the cursed +1 rapier "Enlightened Gnosis"
                  | {spect, Fort, Cun} (You found it on level 2 of the Dungeon)
 13027 | Lair:3   | Identified the amulet "Japloe" {Spirit Slay+6}
 13069 | Lair:3   | Identified the cursed +1 rapier "Enlightened Gnosis"
                  | {spect, Fort, Cun} (You found it on level 2 of the Dungeon)
 13122 | Lair:3   | Found a one-way gate to the infinite horrors of the Abyss.
 13122 | Lair:3   | Noticed Zoerut Uceps's ghost (journeyman MfGl)
 13124 | Lair:3   | Found a transporter.
 13338 | Lair:3   | Identified the cursed +1 rapier "Enlightened Gnosis"
                  | {spect, Fort, Cun} (You found it on level 2 of the Dungeon)
 13343 | Lair:3   | Identified the cursed +1 rapier "Enlightened Gnosis"
                  | {spect, Fort, Cun} (You found it on level 2 of the Dungeon)
 13379 | Lair:3   | Identified a scroll of acquirement
 13461 | Lair:3   | Found a transporter.
 13553 | Lair:3   | Found a staircase to the Swamp.
 13556 | Lair:3   | Identified the cursed +1 rapier "Enlightened Gnosis"
                  | {spect, Fort, Cun} (You found it on level 2 of the Dungeon)
 13781 | Lair:3   | Noticed a catoblepas
 13823 | Lair:4   | Found a staircase to the Snake Pit.
 13845 | Lair:4   | Identified the cursed +1 rapier "Enlightened Gnosis"
                  | {spect, Fort, Cun} (You found it on level 2 of the Dungeon)
 13878 | Lair:4   | Identified the cursed +1 rapier "Enlightened Gnosis"
                  | {spect, Fort, Cun} (You found it on level 2 of the Dungeon)
 13890 | Lair:4   | Identified the cursed +1 rapier "Enlightened Gnosis"
                  | {spect, Fort, Cun} (You found it on level 2 of the Dungeon)
 13894 | Lair:4   | Identified the cursed +1 rapier "Enlightened Gnosis"
                  | {spect, Fort, Cun} (You found it on level 2 of the Dungeon)
 13896 | Lair:4   | Identified the cursed +1 rapier "Enlightened Gnosis"
                  | {spect, Fort, Cun} (You found it on level 2 of the Dungeon)
 13898 | Lair:4   | Identified the cursed +1 rapier "Enlightened Gnosis"
                  | {spect, Fort, Cun} (You found it on level 2 of the Dungeon)
 13902 | Lair:4   | Identified the cursed +1 rapier "Enlightened Gnosis"
                  | {spect, Fort, Cun} (You found it on level 2 of the Dungeon)
 13907 | Lair:4   | Identified the cursed +1 rapier "Enlightened Gnosis"
                  | {spect, Fort, Cun} (You found it on level 2 of the Dungeon)
 13915 | Lair:4   | Identified the cursed +1 rapier "Enlightened Gnosis"
                  | {spect, Fort, Cun} (You found it on level 2 of the Dungeon)
 13918 | Lair:4   | Identified the cursed +1 rapier "Enlightened Gnosis"
                  | {spect, Fort, Cun} (You found it on level 2 of the Dungeon)
 13920 | Lair:4   | Identified the cursed +1 rapier "Enlightened Gnosis"
                  | {spect, Fort, Cun} (You found it on level 2 of the Dungeon)
 13922 | Lair:4   | Identified the cursed +1 rapier "Enlightened Gnosis"
                  | {spect, Fort, Cun} (You found it on level 2 of the Dungeon)
 14030 | Lair:4   | Identified the cursed +1 rapier "Enlightened Gnosis"
                  | {spect, Fort, Cun} (You found it on level 2 of the Dungeon)
 14045 | Lair:4   | Learned a level 2 spell: Blink
 14066 | Lair:4   | Reached XP level 13. HP: 68/68 MP: 30/30
 14091 | Lair:4   | Identified the cursed +1 rapier "Enlightened Gnosis"
                  | {spect, Fort, Cun} (You found it on level 2 of the Dungeon)
 14225 | Lair:4   | Identified the cursed +1 rapier "Enlightened Gnosis"
                  | {spect, Fort, Cun} (You found it on level 2 of the Dungeon)
 14308 | Lair:4   | Identified the cursed +1 rapier "Enlightened Gnosis"
                  | {spect, Fort, Cun} (You found it on level 2 of the Dungeon)
 14316 | Lair:4   | Identified the cursed +1 rapier "Enlightened Gnosis"
                  | {spect, Fort, Cun} (You found it on level 2 of the Dungeon)
 14318 | Lair:4   | Identified the cursed +1 rapier "Enlightened Gnosis"
                  | {spect, Fort, Cun} (You found it on level 2 of the Dungeon)
 14325 | Lair:4   | Identified the cursed +1 rapier "Enlightened Gnosis"
                  | {spect, Fort, Cun} (You found it on level 2 of the Dungeon)
 14327 | Lair:4   | Identified the cursed +1 rapier "Enlightened Gnosis"
                  | {spect, Fort, Cun} (You found it on level 2 of the Dungeon)
 14331 | Lair:4   | Identified the cursed +1 rapier "Enlightened Gnosis"
                  | {spect, Fort, Cun} (You found it on level 2 of the Dungeon)
 14334 | Lair:4   | Identified the cursed +1 rapier "Enlightened Gnosis"
                  | {spect, Fort, Cun} (You found it on level 2 of the Dungeon)
 14383 | Lair:4   | Identified the cursed +1 rapier "Enlightened Gnosis"
                  | {spect, Fort, Cun} (You found it on level 2 of the Dungeon)
 14469 | Lair:3   | Identified the cursed +1 rapier "Enlightened Gnosis"
                  | {spect, Fort, Cun} (You found it on level 2 of the Dungeon)
 14883 | Lair:4   | Reached skill level 10 in Spellcasting
 14983 | Lair:5   | Identified the cursed +1 rapier "Enlightened Gnosis"
                  | {spect, Fort, Cun} (You found it on level 2 of the Dungeon)
 15035 | Lair:5   | Reached skill level 11 in Stealth
 15054 | Lair:5   | Identified the cursed +1 rapier "Enlightened Gnosis"
                  | {spect, Fort, Cun} (You found it on level 2 of the Dungeon)
 15062 | Lair:5   | Identified the cursed +1 rapier "Enlightened Gnosis"
                  | {spect, Fort, Cun} (You found it on level 2 of the Dungeon)
 15065 | Lair:5   | Identified the cursed +1 rapier "Enlightened Gnosis"
                  | {spect, Fort, Cun} (You found it on level 2 of the Dungeon)
 15187 | Lair:5   | Identified the cursed +1 rapier "Enlightened Gnosis"
                  | {spect, Fort, Cun} (You found it on level 2 of the Dungeon)
 15195 | Lair:5   | Identified the cursed +1 rapier "Enlightened Gnosis"
                  | {spect, Fort, Cun} (You found it on level 2 of the Dungeon)
 15200 | Lair:5   | Identified the cursed +1 rapier "Enlightened Gnosis"
                  | {spect, Fort, Cun} (You found it on level 2 of the Dungeon)
 15202 | Lair:5   | Identified the cursed +1 rapier "Enlightened Gnosis"
                  | {spect, Fort, Cun} (You found it on level 2 of the Dungeon)
 15205 | Lair:5   | Identified the cursed +1 rapier "Enlightened Gnosis"
                  | {spect, Fort, Cun} (You found it on level 2 of the Dungeon)
 15207 | Lair:5   | Identified the cursed +1 rapier "Enlightened Gnosis"
                  | {spect, Fort, Cun} (You found it on level 2 of the Dungeon)
 15213 | Lair:5   | Identified the cursed +1 rapier "Enlightened Gnosis"
                  | {spect, Fort, Cun} (You found it on level 2 of the Dungeon)
 15327 | Lair:5   | Identified the cursed +1 rapier "Enlightened Gnosis"
                  | {spect, Fort, Cun} (You found it on level 2 of the Dungeon)
 15512 | Lair:5   | Identified the cursed +1 rapier "Enlightened Gnosis"
                  | {spect, Fort, Cun} (You found it on level 2 of the Dungeon)
 15515 | Lair:5   | Identified the cursed +1 rapier "Enlightened Gnosis"
                  | {spect, Fort, Cun} (You found it on level 2 of the Dungeon)
 15518 | Lair:5   | Reached skill level 12 in Stealth
 15518 | Lair:5   | Identified the cursed +1 rapier "Enlightened Gnosis"
                  | {spect, Fort, Cun} (You found it on level 2 of the Dungeon)
 15523 | Lair:5   | Identified the cursed +1 rapier "Enlightened Gnosis"
                  | {spect, Fort, Cun} (You found it on level 2 of the Dungeon)
 15527 | Lair:5   | Identified the cursed +1 rapier "Enlightened Gnosis"
                  | {spect, Fort, Cun} (You found it on level 2 of the Dungeon)
 15529 | Lair:5   | Identified the cursed +1 rapier "Enlightened Gnosis"
                  | {spect, Fort, Cun} (You found it on level 2 of the Dungeon)
 15532 | Lair:5   | Identified the cursed +1 rapier "Enlightened Gnosis"
                  | {spect, Fort, Cun} (You found it on level 2 of the Dungeon)
 15535 | Lair:5   | Identified the cursed +1 rapier "Enlightened Gnosis"
                  | {spect, Fort, Cun} (You found it on level 2 of the Dungeon)
 15645 | Lair:5   | Identified the cursed +1 rapier "Enlightened Gnosis"
                  | {spect, Fort, Cun} (You found it on level 2 of the Dungeon)
 15757 | Lair:6   | Entered Level 6 of the Lair of Beasts
 15876 | D:11     | Reached skill level 10 in Necromancy
 16072 | D:11     | Reached skill level 13 in Stealth
 16079 | D:11     | Found a staircase to the Orcish Mines.
 16759 | D:12     | Found Dyheass Tats's Elemental Accessories.
 16767 | D:12     | Bought a wand of iceblast (6) for 130 gold pieces
 16859 | D:12     | Identified the cursed +1 rapier "Enlightened Gnosis"
                  | {spect, Fort, Cun} (You found it on level 2 of the Dungeon)
 16974 | D:12     | Upgraded the game from 0.29-a0-369-gd956c00756 to
                  | 0.29-a0-375-g5102b3be25
 16992 | D:12     | Found a blossoming altar of Fedhas.
 17187 | D:12     | Reached XP level 14. HP: 73/73 MP: 23/34
 17194 | D:12     | Learned a level 5 spell: Agony
 17199 | D:12     | Learned a level 4 spell: Dispel Undead
 17686 | Orc:1    | Entered Level 1 of the Orcish Mines
 17829 | Orc:1    | Identified the cursed +1 rapier "Enlightened Gnosis"
                  | {spect, Fort, Cun} (You found it on level 2 of the Dungeon)
 17830 | Orc:1    | Identified the cursed +1 rapier "Enlightened Gnosis"
                  | {spect, Fort, Cun} (You found it on level 2 of the Dungeon)
 17935 | Orc:2    | Entered Level 2 of the Orcish Mines
 17954 | Orc:2    | Identified the cursed +1 rapier "Enlightened Gnosis"
                  | {spect, Fort, Cun} (You found it on level 2 of the Dungeon)
 17964 | Orc:2    | Identified the cursed +1 rapier "Enlightened Gnosis"
                  | {spect, Fort, Cun} (You found it on level 2 of the Dungeon)
 18098 | Orc:2    | Identified the cursed +1 rapier "Enlightened Gnosis"
                  | {spect, Fort, Cun} (You found it on level 2 of the Dungeon)
 18103 | Orc:2    | Identified the cursed +1 rapier "Enlightened Gnosis"
                  | {spect, Fort, Cun} (You found it on level 2 of the Dungeon)
 18105 | Orc:2    | Identified the cursed +1 rapier "Enlightened Gnosis"
                  | {spect, Fort, Cun} (You found it on level 2 of the Dungeon)
 18141 | Orc:2    | Identified the cursed +1 rapier "Enlightened Gnosis"
                  | {spect, Fort, Cun} (You found it on level 2 of the Dungeon)
 18144 | Orc:2    | Identified the cursed +1 rapier "Enlightened Gnosis"
                  | {spect, Fort, Cun} (You found it on level 2 of the Dungeon)
 18146 | Orc:2    | Noticed Azrael
 18147 | Orc:2    | Identified the cursed +1 rapier "Enlightened Gnosis"
                  | {spect, Fort, Cun} (You found it on level 2 of the Dungeon)
 18155 | Orc:2    | Identified the cursed +1 rapier "Enlightened Gnosis"
                  | {spect, Fort, Cun} (You found it on level 2 of the Dungeon)
 18158 | Orc:2    | Killed from afar by a hell hound

Illustrated notes

Levels and vault maps discovered:
D:1:      dpeg_arrival_circle_labyrinth_c, layout_basic,
          chequers_ecumenical_altar_simple_redux
D:2:      layout_rooms, basic_altar
D:3:      layout_basic, zin_scriptorium
D:4:      layout_gridville, general_overflow_altar, uniq_ijyb
D:5:      layout_gridville, regret_index_temple_of_mockery,
          grunt_ashenzari_visionary [grunt_ashenzari_visionary_swamp,
          grunt_ashenzari_visionary_snake], tso_oasis_becter, serial_shops,
          kennysheep_mini_moat, kennysheep_mini, shop, uniq_prince_ribbit1
D:6:      layout_basic, nicolae_overflow_crystal_walls,
          minmay_misc_feat_enclosed
D:7:      minmay_razor_zed, layout_basic, lemuel_tele_altar,
          minmay_temple_entry_junction
D:8:      layout_basic, mainiacjoe_overflow_24_doors, roderic_batcave
D:9:      layout_irregular_city, nicolae_overflow_squiral,
          nicolae_overflow_hidden_temple, uniq_joseph
D:10:     layout_loops_ring, mainiacjoe_overflow_cross_hatched,
          david_lair_generic, chequers_decorated_corner, nicolae_stop_n_shop_1
D:11:     layout_basic, bh_walls_and_bars
D:12:     layout_loops_ring, serial_bayou_pond_e, nicolae_elemental_shop,
          fedhas_altar_3
Lair:1:   gammafunk_lair_enchanted_lake, layout_hall_layers,
          serial_bayou_shore_b
Lair:2:   layout_gridlike, maelrawn_ghost_gauntlet_escape, st_stairs_4,
          beast_lair_carwin_4
Lair:3:   layout_long_grid, minmay_swamp_entry_worms,
          gammafunk_ghost_abyssal_escape, serial_bayou_pond_e
Lair:4:   pond_and_an_island_with_a_cottage, layout_gridlike,
          serial_bayou_shore_a, infiniplex_staircase_pool
Lair:5:   layout_misc_corridors, chequers_serial_rivers_large_a,
          grunt_megastairs_1
Lair:6:   guppyfry_lair_end_dragon, layout_cave_pods, wormcave,
          minmay_slime_entry_oklob_enclosed, grunt_forest_small_clearing_treed
Orc:1:    layout_caves, basic_altar
Orc:2:    st_orc_mages, layout_diamond_mine, uniq_azrael

Skill      XL: |  1  2  3  4  5  6  7  8  9 10 11 12 13 14 |
---------------+-------------------------------------------+-----
Short Blades   | 2 3 4 5 6 8 9 10 | 10.5
Stealth        | 5 6 7 8 9 10 13 | 13.6
Spellcasting   | 3 4 5 6 7 9 12 | 12.9
Hexes          | 4 5 8 9 10 12 | 12.8
Dodging        | 5 6 8 9 |  9.2
Fighting       | 2 3 5 6 |  6.1
Evocations     | 3 8 |  8.0
Necromancy     | 8 10 | 10.0

Action                   |  1- 3 |  4- 6 |  7- 9 | 10-12 | 13-15 || total
-------------------------+-------+-------+-------+-------+-------++-------
Melee: Dagger            |    80 |    61 |       |       |       ||   141
       Punch             |     1 |     1 |     6 |     3 |     3 ||    14
       Rapier            |       |     7 |   212 |   390 |   297 ||   906
Throw: Stone             |    10 |       |     2 |     2 |     2 ||    16
 Cast: Ensorcelled Hiber |    19 |    44 |    90 |   129 |    49 ||   331
       Confusing Touch   |       |     1 |     1 |     1 |     1 ||     4
       Dazzling Flash    |       |       |       |     5 |     8 ||    13
       Tukima's Dance    |       |       |       |       |     5 ||     5
       Death Channel     |       |       |       |       |     1 ||     1
Invok: Curse Item        |       |       |     2 |     4 |       ||     6
Evoke: Wand              |       |       |     1 |     1 |     3 ||     5
  Use: Scroll            |       |     7 |     7 |     1 |     1 ||    16
       Potion            |       |       |     1 |       |     1 ||     2
 Stab: Sleeping          |    26 |    24 |    70 |    92 |    45 ||   257
       Confused          |       |     1 |       |     1 |     1 ||     3
       Distracted        |       |       |     1 |     9 |     3 ||    13
       Invisible         |       |       |       |     7 |    15 ||    22
Armor: Robe              |     9 |    18 |    42 |    37 |    28 ||   134
Dodge: Dodged            |    49 |    89 |   201 |   279 |   199 ||   817

Table legend: (Time is in decaauts)
 A = Elapsed time spent in this place.
 B = Non-inter-level travel time spent in this place.
 C = Inter-level travel time spent in this place.
 D = Time resting spent in this place.
 E = Time spent auto-exploring this place.
 F = Levels seen in this place.
 G = Mean time per level.
                   A        B        C        D        E       F      G
               +--------+--------+--------+--------+--------+-----+--------+
         Total |  13311 |  12713 |    598 |   3828 |   6148 |  20 |  665.5 |
       Dungeon |   9184 |   8819 |    365 |   2831 |   4158 |  12 |  765.3 |
          Lair |   3826 |   3605 |    221 |    996 |   1773 |   6 |  637.7 |
  Orcish Mines |    300 |    289 |     11 |      0 |    216 |   2 |  150.0 |
               +--------+--------+--------+--------+--------+-----+--------+

Top non-repeatable levels by time:
     D:6: 1074 daAuts
  Lair:1: 1069 daAuts
     D:1: 1047 daAuts
     D:4: 1013 daAuts
     D:5: 998 daAuts
     D:7: 860 daAuts
  Lair:4: 739 daAuts
  Lair:2: 737 daAuts
     D:8: 674 daAuts
  Lair:3: 673 daAuts
     D:2: 647 daAuts
    D:10: 632 daAuts
    D:12: 623 daAuts
  Lair:5: 605 daAuts
     D:9: 584 daAuts
